 Dungeon Crawl Stone Soup version 0.30-a0-122-g2a1322497e (webtiles) character file.

Game seed: 6826947861607285912

160 snarfax the Ruffian (level 5, -1/53 HPs)
             Began as a Troll Fighter on Sept 15, 2022.
             Slain by Sigmund
             ... wielding a +2 scythe of holy wrath
              (8 damage)
             ... on level 3 of the Dungeon.
             The game lasted 00:04:24 (1209 turns).

snarfax the Ruffian (Troll Fighter)                 Turns: 1209, Time: 00:04:26

Health: -1/53      AC:  4    Str: 24    XL:     5   Next: 17%
Magic:  4/4        EV:  9    Int:  4    God:
Gold:   93         SH: 13    Dex: 11    Spells: 4/4 levels left

rFire   . . .      SeeInvis .      - Unarmed
rCold   . . .      Faith    .    b - +0 kite shield
rNeg    . . .      Spirit   .    a - +0 robe
rPois   .          Reflect  +    (helmet restricted)
rElec   .          Harm     .    f - scarf {+Inv}
rCorr   .          Rampage  .    (gloves unavailable)
Will    .....                    (boots unavailable)
Stlth   +.........               i - amulet of reflection
HPRegen 0.97/turn                (no ring)
MPRegen 0.09/turn                (no ring)

@: lethally poisoned (-1 -> -7)
A: large, unfitting armour, claws 3, regeneration 1, shaggy fur 1, tough skin 1
a: Evoke Invisibility


You were on level 3 of the Dungeon.
You visited 1 branch of the dungeon, and saw 3 of its levels.

You collected 93 gold pieces.

Inventory:

Missiles
 l - 9 poisoned darts
 n - 2 large rocks (quivered)
Armour
 a - a +0 robe (worn)
 b - a +0 kite shield (worn)
 f - a scarf of invisibility (worn)
Jewellery
 i - an amulet of reflection (around neck)
Scrolls
 e - 2 scrolls of fear {unknown}
 k - a scroll of immolation
Potions
 c - 2 potions of might
 d - a potion of curing
 g - a potion of lignification
 h - 2 potions of mutation
 j - a potion of cancellation {unknown}
 m - a potion of berserk rage {unknown}


   Skills:
 + Level 3.0 Fighting
 + Level 3.1 Dodging
 + Level 3.3 Shields
 * Level 3.7 Unarmed Combat


You had 4 spell levels left.
You didn't know any spells.
Your spell library was empty.

Dungeon Overview and Level Annotations

Branches:
Dungeon (3/15)

Altars:
Uskayaw

Annotations:
D:3 Ijyb, Robin, Sigmund


Innate Abilities, Weirdness & Mutations

You are too large for most types of armour.
You have claws for hands.
Your natural rate of healing is unusually fast.
You are covered in fur. (AC +1)
You have tough skin. (AC +1)


Message History

The goblin hits you but does no damage.
You feel very sick. The goblin hits you with a +0 club.
You barely miss the goblin.
You feel very sick. Robin throws the goblin at you!
The goblin hits you with a +0 club.
You bump into the rock wall.
You feel less confused.
You feel sick. Robin barely misses you. You block the goblin's attack.
You feel sick. Robin throws the goblin at you!
You block the goblin's attack. x2
You closely miss the goblin.
You feel sick.
The hobgoblin no longer looks unusually strong.
Robin roars a battlecry!
The goblins go into a battle-frenzy!
You block the goblin's attack. x2
You feel better. Robin throws Ijyb at you! You block the goblin's attack.
The goblin hits you with a +0 club. You block Ijyb's attack.
You scratch the goblin.
The goblin is moderately wounded.
The goblin hits you but does no damage. The goblin closely misses you.
Ijyb hits you with a +0 dagger.
You closely miss the goblin.
The goblin is moderately wounded.
Robin laughs in a distinctly smug fashion.
You block Robin's attack.
You block the goblin's attack. x2; Ijyb zaps a wand.
Your mind is blasted!
You scratch the goblin.
You kill the goblin!
Ijyb no longer looks unusually strong.
Robin hits you from afar with a +5 spear of venom.
You are poisoned.
The goblin hits you with a +0 club.
* * * LOW HITPOINT WARNING * * *
Ijyb screams, "You nasty!
Big nasty!"
You block Ijyb's attack. You block Robin's attack.
Ijyb zaps a wand.
Your mind is blasted!
* * * LOW HITPOINT WARNING * * *
The goblin barely misses you. The hobgoblin barely misses you.
Something hits you!
You die...

##...##.##.......#
##.###.###......#
#.###.########## .#
##).........# .#
##...##.####.#### ..
##.###...#.......# .#
#.## ##..#.......# .#
..# #.##.....gg### .#
#.# #....††_.)@gg##.#
##.# ...#...†..†#)ggr#
...
..##.......####.?.....
.#.##. #......(#
###.#.. .#...
####.#### .. .# ... #.
# .# .. #.


You could see Ijyb, Robin, a quokka, a hobgoblin (strong) and 3 goblins.

Vanquished Creatures
  Natasha (D:2)
  Terence (D:3)
  3 gnolls (D:2)
  4 adders (D:2)
  5 endoplasms
  A giant cockroach (D:2)
  4 hobgoblins
  3 kobolds
  3 quokkas
  5 ball pythons
  5 bats
  A frilled lizard (D:2)
  10 goblins
  2 rats (D:2)
48 creatures vanquished.

Notes
Turn   | Place    | Note
-------+----------+-------------------------------------------
     0 | D:1      | snarfax the Troll Fighter began the quest for the Orb.
     0 | D:1      | Reached XP level 1. HP: 22/22 MP: 0/0
    88 | D:1      | Reached XP level 2. HP: 29/29 MP: 1/1
   440 | D:1      | You fall into a shaft and drop 1 floor!
   525 | D:2      | Reached XP level 3. HP: 36/36 MP: 2/2
   840 | D:2      | Reached XP level 4. HP: 39/44 MP: 3/3
  1058 | D:3      | Noticed Natasha
  1081 | D:2      | Killed Natasha
  1137 | D:3      | Noticed Terence
  1141 | D:3      | Killed Terence
  1142 | D:3      | Reached XP level 5. HP: 53/53 MP: 4/4
  1162 | D:3      | Found a hide-covered altar of Uskayaw.
  1174 | D:3      | Noticed Robin
  1184 | D:3      | Noticed Sigmund
  1194 | D:3      | Noticed Ijyb
  1209 | D:3      | Slain by Sigmund

Illustrated notes

Levels and vault maps discovered:
D:1:      sevenhm_arrival_forest_fort_small_5, layout_loops_cross,
          hellmonk_ecumenical_altar_heavens_door, st_stairs_2
D:2:      layout_basic, kennysheep_generic_room_4
D:3:      layout_loops_cross, nicolae_uskayaw_murder_on_the_dancefloor,
          uniq_natasha, uniq_grinder, uniq_ijyb, uniq_robin, uniq_sigmund,
          uniq_terence

Skill      XL: |  1  2  3  4 |
---------------+-------------+-----
Shields        | 3 |  3.3
Unarmed Combat | 3 |  3.7
Dodging        | 3 |  3.1
Fighting       | 3 |  3.0

Action                   |  1- 3 |  4- 6 || total
-------------------------+-------+-------++-------
Melee: Unarmed           |    70 |    66 ||   136
  Use: Scroll            |     5 |       ||     5
       Potion            |       |     1 ||     1
Armor: Robe              |    13 |    12 ||    25
Dodge: Dodged            |    14 |    23 ||    37
Block: Kite shield       |    36 |    40 ||    76
       Reflection        |     1 |     1 ||     2
       Other             |       |     3 ||     3

Table legend: (Time is in decaauts)
 A = Elapsed time spent in this place.
 B = Non-inter-level travel time spent in this place.
 C = Inter-level travel time spent in this place.
 D = Time resting spent in this place.
 E = Time spent auto-exploring this place.
 F = Levels seen in this place.
 G = Mean time per level.
                   A        B        C        D        E       F      G
               +--------+--------+--------+--------+--------+-----+--------+
         Total |   1216 |   1201 |     15 |    167 |    719 |   3 |  405.3 |
       Dungeon |   1216 |   1201 |     15 |    167 |    719 |   3 |  405.3 |
               +--------+--------+--------+--------+--------+-----+--------+

Top non-repeatable levels by time:
     D:2: 669 daAuts
     D:1: 442 daAuts
     D:3: 104 daAuts
